 Seeded DCSS version 0.29-a0-409-gd843f3a48c (webtiles) character file.

Game seed: 17930253926559947122 (custom seed)

35 zeratav the Digger (level 3, -2/21 HPs)
             Began as an Octopode Earth Elementalist on May 15, 2022.
             Was a Follower of Vehumet.
             Slain by a scorpion (7 damage)
             ... on level 2 of the Dungeon.
             The game lasted 00:02:02 (2222 turns).

zeratav the Digger (Octopode Earth Elementalist)    Turns: 2222, Time: 00:02:03

Health: -2/21      AC:  1    Str:  7    XL:     3   Next: 35%
Magic:  0/6        EV: 13    Int: 19    God:    Vehumet [*.....]
Gold:   12         SH:  0    Dex: 12    Spells: 6/7 levels left

rFire   . . .      SeeInvis .   f - +0 short sword {short}
rCold   . . .      Faith    .   (no shield)
rNeg    . . .      Spirit   .   (helmet restricted)
rPois   .          Reflect  .   (no amulet)
rElec   .          Harm     .   (no ring)
rCorr   .          Rampage  .   (no ring)
Will    .....                   (no ring)
Stlth   +++.......              (no ring)
HPRegen 0.07/turn               (no ring)
MPRegen 0.10/turn               (no ring)
                                (no ring)
                                (no ring)

@: lethally poisoned (-2 -> -5)
A: almost no armour, amphibious, 8 rings, camouflage 1, gelatinous body 1,
(nimble swimmer 1), tentacles
a: Renounce Religion


You were on level 2 of the Dungeon.
You worshipped Vehumet.
Vehumet was aware of your devotion.
You visited 1 branch of the dungeon, and saw 2 of its levels.

You collected 12 gold pieces.


Innate Abilities, Weirdness & Mutations

You cannot wear most types of armour.
You are amphibious.
You can wear up to eight rings at the same time.
Your skin changes colour to match your surroundings (Stealth+).
Your rubbery body absorbs attacks. (AC +1, EV +1)
((You are camouflaged when in or above water. (Stealth+)))
You have tentacles for arms and can constrict up to eight enemies at once.


   Skills:
 - Level 2.0 Dodging
 - Level 2.6 Stealth
 + Level 2.5 Spellcasting
 - Level 1.0 Transmutations
 * Level 4.0 Earth Magic


You had 6 spell levels left.
You knew the following spells:

 Your Spells              Type           Power      Damage    Failure   Level
a - Sandblast             Erth           34%        2d9       3%          1

Your spell library contained the following spells:

 Spells                   Type           Power      Damage    Failure   Level
 Shock                    Conj/Air       8%         1d3       16%         1
 Passwall                 Tmut/Erth      9%         N/A       9%          2
 Animate Skeleton         Necr           4%         N/A       16%         1
 Pain                     Necr           8%         1d4       16%         1
 Stone Arrow              Conj/Erth      18%        3d8       22%         3
 Vampiric Draining        Necr           2%         2d6       43%         3
 Petrify                  Tmut/Erth      11%        N/A       50%         4

Inventory:

Hand Weapons
 f - a +0 short sword (weapon) {short}
   (You took it off a kobold on level 1 of the Dungeon)
Missiles
 a - 158 stones {throwing}
Magical Staves
 d - a staff of earth {staff}
   (You found it on level 1 of the Dungeon)
Jewellery
 l - an amulet of the acrobat
   (You found it on level 1 of the Dungeon)
Scrolls
 g - a scroll of noise {unknown}
 h - a scroll of enchant armour {unknown}
 i - a scroll of enchant weapon {unknown}
 j - a scroll of brand weapon {unknown}
 n - a scroll of identify {unknown}
 o - a scroll of summoning {unknown}
 q - a scroll of immolation {unknown}
Potions
 b - a potion of magic
 c - 2 potions of curing {unknown}
 e - 2 potions of brilliance {unknown}
 k - a potion of berserk rage {unknown}
 m - a potion of flight {unknown}
 p - 2 potions of attraction {unknown}

Dungeon Overview and Level Annotations

Branches:
Dungeon (2/15)

Altars:
Vehumet

Shops:
D:2

= ........#
........###
..........#
........#....# ####
........####.# ...
####.##....#... ..
.. #.###...... .
.###... #
#.##..#####
##..g....
####.#..## ###@s.#
...#...### #...###
##.......#####.###
##..###.......#
###.........#######
....##..###........
######..# #######.#
##...# ##...##


You could see a scorpion and a goblin.


Message History

The bat barely misses you. The bat hits you.
The kobold hits you with a +0 whip.
You hit the kobold.
You kill the kobold!
Vehumet accepts your kill. The bat barely misses you.
HP[-5]
You take 5 damage, and now have 16/21 hp.
MASSIVE DAMAGE!! (PAUSE)
You barely miss the bat. You grab the bat. You constrict the bat.
The bat misses you.
The bat escapes!
You hit the bat.
You kill the bat!
Vehumet accepts your kill.
Your Earth Magic skill increases to level 4!
No target in view!
No target in view!
No target in view!
No target in view!
No target in view!
No target in view!
No target in view!
No target in view!
No target in view!
No target in view!
No target in view!
No target in view!
No target in view!
No target in view!
No target in view!
o - a scroll labelled WIUK SOOTUI HP[+5]
Your hp is fully restored (21).
You see here a +0 whip {mace}.
a - 146 stones {throwing} (gained 27)
a - 165 stones {throwing} (gained 19)
Found a stone staircase leading down.
A bat comes into view.
A bat is nearby!
Found a scroll labelled CAJ QYHETIMPA.
Found a stone staircase leading down.
You see here 2 ruby potions.
The blast of sand hits the bat!
You kill the bat!
Vehumet accepts your kill.
You feel your power returning.
p - 2 ruby potions
There is a stone staircase leading down here.
q - a scroll labelled CAJ QYHETIMPA You see here a +0 dagger {short}.
A scorpion comes into view.
You can't see any susceptible monsters within range! (Use Z to cast anyway.)
A goblin comes into view. It is wielding a +0 club.
The blast of sand hits the scorpion but does no damage.
The scorpion barely misses you.
MP[-1]
You lost 1 mp, and now have 5/6 mp.
The blast of sand hits the scorpion but does no damage.
The scorpion misses you.
MP[-1]
You lost 1 mp, and now have 4/6 mp.
The blast of sand hits the scorpion!
The goblin shouts!
You hear a shout!
The scorpion stings you.
You are poisoned.
The scorpion poisons you!
HP[-6] MP[-1]
You take 6 damage, and now have 15/21 hp.
MASSIVE DAMAGE!! (PAUSE)
You lost 1 mp, and now have 3/6 mp.
You are too injured to fight recklessly!
You are too injured to fight recklessly!
Casting: Sandblast (safe; 3% risk of failure)
Confirm with . or Enter, or press ? or * to list all spells.
Aiming: Sandblast (safe; 3% risk of failure)
Press: ? - help, Shift-Dir - straight line, f/p - scorpion
Aim: a scorpion (moderately wounded, 79% to hit)
The blast of sand hits the scorpion but does no damage.
You feel sick. The scorpion barely misses you.
HP[-2] MP[-1]
You take 2 damage, and now have 13/21 hp.
You lost 1 mp, and now have 2/6 mp.
Casting: Sandblast (safe; 3% risk of failure)
Confirm with . or Enter, or press ? or * to list all spells.
Aiming: Sandblast (safe; 3% risk of failure)
Press: ? - help, Shift-Dir - straight line, f/p - scorpion
Aim: a scorpion (moderately wounded, 79% to hit)
The blast of sand hits the scorpion.
You feel sick. The scorpion stings you.
* * * LOW HITPOINT WARNING * * *
HP[-7] MP[-1]
You take 7 damage, and now have 6/21 hp.
MASSIVE DAMAGE!! (PAUSE)
You lost 1 mp, and now have 1/6 mp.
Casting: Sandblast (safe; 3% risk of failure)
Confirm with . or Enter, or press ? or * to list all spells.
Aiming: Sandblast (safe; 3% risk of failure)
Press: ? - help, Shift-Dir - straight line, f/p - scorpion
Aim: a scorpion (heavily wounded, 79% to hit)
The blast of sand hits the scorpion.
You feel sick. The scorpion closely misses you. The scorpion stings you!
You die...

Skill      XL: |  1  2  3 |
---------------+----------+-----
Earth Magic    | 4 |  4.0
Dodging        | |  2.0
Stealth        | |  2.6
Spellcasting   | |  2.5
Transmutations | |  1.0

Action                   || total
-------------------------++-------
Melee: Staff             ||     2
       Constrict         ||    11
       Short sword       ||    31
       Tentacles         ||     4
       Punch             ||     1
 Cast: Sandblast         ||    27
 Stab: Sleeping          ||     5
Armor: Skin              ||     3
Dodge: Dodged            ||    23

Levels and vault maps discovered:
D:1:      dpeg_arrival_yet_another_circle, layout_basic, serial_rivers,
          chequers_serial_rivers_small_b, chequers_serial_rivers_large_b,
          chequers_serial_rivers_micro_b, chequers_serial_rivers_room_b,
          chequers_serial_rivers_micro_c, chequers_serial_rivers_large_a,
          chequers_ecumenical_altar_lobes
D:2:      layout_rooms, serial_shops, shop

Notes
Turn   | Place    | Note
-------+----------+-------------------------------------------
     0 | D:1      | zeratav the Octopode Earth Elementalist began the quest for
                  | the Orb.
     0 | D:1      | Reached XP level 1. HP: 11/11 MP: 3/3
     0 | D:1      | magus.rc [v1.9.6]
   148 | D:1      | Found a faded altar of an unknown god.
   157 | D:1      | Prayed at the altar of an unknown god.
   157 | D:1      | Became a worshipper of Vehumet
   157 | D:1      | Reached * piety under Vehumet
   157 | D:1      | Offered knowledge of Shock by Vehumet.
   325 | D:1      | Reached XP level 2. HP: 13/17 MP: 0/5
  1170 | D:1      | You pick up a book of Necromancy and begin reading...
  1170 | D:1      | You add the spells Pain, Animate Skeleton and Vampiric
                  | Draining to your library.
  1310 | D:1      | Reached XP level 3. HP: 21/21 MP: 6/6
  1874 | D:2      | Found Biewk's Jewellery Boutique.
  2032 | D:2      | Reached skill level 4 in Earth Magic
  2212 | D:2      | Noticed a scorpion
  2222 | D:2      | HP: 5/21 [poisoned by a scorpion]
  2222 | D:2      | Slain by a scorpion

Vanquished Creatures
  A worm (D:2)
  2 dart slugs (D:1)
  5 bats
  An endoplasm (D:1)
  A giant cockroach (D:1)
  3 goblins
  3 hobgoblins (D:1)
  7 kobolds
  2 frilled lizards (D:1)
  5 rats (D:1)
30 creatures vanquished.

Table legend:
 A = Non-vault XP
 B = Vault XP
 C = Vault XP percentage of total XP
 D = Non-vault monster count
 E = Vault monster count
 F = Vault count percentage of total count
                 A         B        C        D         E       F
            +---------+---------+-------+---------+---------+-------
      Total |      51 |       0 |   0.0 |      30 |       0 |   0.0
            +---------+---------+-------+---------+---------+-------
        D:1 |      39 |       0 |   0.0 |      23 |       0 |   0.0
        D:2 |      12 |       0 |   0.0 |       7 |       0 |   0.0
            +---------+---------+-------+---------+---------+-------

Illustrated notes

Table legend:
 A = Kills in this place as a percentage of kills in entire the game.
 B = Kills by you in this place as a percentage of kills by you in the entire game.
 C = Kills by friends in this place as a percentage of kills by friends in the entire game.
 D = Other kills in this place as a percentage of other kills in the entire game.
 E = Experience gained in this place as a percentage of experience gained in the entire game.
 F = Experience gained in this place divided by the number of levels of this place that you have seen.
                   A       B       C       D       E      F
               +-------+-------+-------+-------+-------+----------------------
         Total | 100.0 | 100.0 |   N/A |   N/A | 100.0 |  25.5
       Dungeon | 100.0 | 100.0 |   N/A |   N/A | 100.0 |  25.5
               +-------+-------+-------+-------+-------+----------------------

Table legend: (Time is in decaauts)
 A = Elapsed time spent in this place.
 B = Non-inter-level travel time spent in this place.
 C = Inter-level travel time spent in this place.
 D = Time resting spent in this place.
 E = Time spent auto-exploring this place.
 F = Levels seen in this place.
 G = Mean time per level.
                   A        B        C        D        E       F      G
               +--------+--------+--------+--------+--------+-----+--------+
         Total |   2224 |   2183 |     41 |    203 |   1668 |   2 | 1112.0 |
       Dungeon |   2224 |   2183 |     41 |    203 |   1668 |   2 | 1112.0 |
               +--------+--------+--------+--------+--------+-----+--------+

Top non-repeatable levels by time:
     D:1: 1733 daAuts
     D:2: 490 daAuts
